 Dungeon Crawl Stone Soup version 0.28-a0-422-gd71735cc25 (webtiles) character file.

Game seed: 4453702457718059983

15 mommy the Skirmisher (level 2, -3/25 HPs)
             Began as a Barachi Berserker on Sept 8, 2021.
             Was a Follower of Trog.
             Slain by a kobold (5 damage)
             ... on level 1 of the Dungeon.
             The game lasted 00:08:08 (449 turns).

mommy the Skirmisher (Barachi Berserker)             Turns: 449, Time: 00:08:12

Health: -3/25      AC:  2    Str: 18    XL:     2   Next: 50%
Magic:  2/2        EV: 12    Int:  7    God:    Trog [*.....]
Gold:   26         SH:  0    Dex: 11    Spells: 1/1 levels left

rFire   . . .      SeeInvis .   a - +0 falchion
rCold   . . .      Faith    .   (no shield)
rNeg    . . .      Spirit   .   b - +0 animal skin
rPois   .          Reflect  .   (no helmet)
rElec   .          Harm     .   (no cloak)
rCorr   .          Rampage  .   (no gloves)
Will    .....                   (no boots)
Stlth   +.........              (no amulet)
HPRegen 0.08/turn               (no ring)
MPRegen 0.08/turn               (no ring)

@: slow
A: amphibious, slowness 1, strong legs 1, +LOS
a: Hop, Renounce Religion, Berserk


You were on level 1 of the Dungeon.
You worshipped Trog.
Trog was aware of your devotion.
You visited 1 branch of the dungeon, and saw 1 of its levels.

You collected 26 gold pieces.

Inventory:

Hand Weapons
 a - a +0 falchion (weapon)
Armour
 b - a +0 animal skin (worn)
Scrolls
 c - a scroll of identify {unknown}


   Skills:
 + Level 4.1 Fighting
 + Level 3.9 Long Blades
 + Level 2.5 Armour
 + Level 2.4 Dodging


You had one spell level left.
You didn't know any spells.
Your spell library was empty.

Dungeon Overview and Level Annotations

Branches:
Dungeon (1/15)

Altars:


Innate Abilities, Weirdness & Mutations

You are amphibious.
You cover ground slowly.
You can hop short distances.
You have an extended range of vision and can be seen from far away.


Message History

You see here a frilled lizard corpse.
Things that are here:
a +0 club; a goblin corpse A kobold comes into view.
It is wielding a +0 short sword.
The kobold hits you with a +0 short sword.
* * * LOW HITPOINT WARNING * * *
The kobold barely misses you.
Hit: a) +0 falchion
Press: ? - help, Dir - move target, f - kobold
Aim: a kobold, wielding a +0 short sword and quivering stones (about 49% to evade your +0 falchion)
You slash the kobold!
You kill the kobold!
Trog accepts your kill.
Things that are here:
a +0 short sword; 4 stones A kobold comes into view.
It is wielding a +0 whip.
The kobold hits you with a +0 whip.
* * * LOW HITPOINT WARNING * * *
Hit: a) +0 falchion
Press: ? - help, Dir - move target, f - kobold
Aim: a kobold, wielding a +0 whip (about 49% to evade your +0 falchion)
You barely miss the kobold. The kobold misses you.
Hit: a) +0 falchion
Press: ? - help, Dir - move target, f/p - kobold
Aim: a kobold, wielding a +0 whip (about 49% to evade your +0 falchion)
You closely miss the kobold. The kobold hits you with a +0 whip.
* * * LOW HITPOINT WARNING * * *
The kobold hits you with a +0 whip.
* * * LOW HITPOINT WARNING * * *
Hit: a) +0 falchion
Press: ? - help, Dir - move target, f/p - kobold
Aim: a kobold, wielding a +0 whip (about 49% to evade your +0 falchion)
You completely miss the kobold. The kobold barely misses you.
Hit: a) +0 falchion
Press: ? - help, Dir - move target, f/p - kobold
Aim: a kobold, wielding a +0 whip (about 49% to evade your +0 falchion)
You hit the kobold.
The kobold is heavily wounded.
The kobold hits you with a +0 whip.
You die...

...#
#..#....###...# ...
...# #.....###
###.# ###.# ...#
#.).....# .# # ..##
###.....# .# .#.#
#....##### .# #..#
####....# #.# .#
#### #.....### #.#
.##
#.......###.###...#
###.....#..@K...#
#....#..#.#.......#
#....##...####.#.##
.....#####.## ..
....#. ..... .#
###... #....... #
.... ######### ###


You could see a kobold.

Vanquished Creatures
  An endoplasm (D:1)
  2 giant cockroaches (D:1)
  A goblin (D:1)
  A hobgoblin (D:1)
  3 kobolds (D:1)
  3 ball pythons (D:1)
  2 frilled lizards (D:1)
  2 rats (D:1)
15 creatures vanquished.

Vanquished Creatures (others)
  A plant (D:1)
1 creature vanquished.

Grand Total: 16 creatures vanquished

Notes
Turn   | Place    | Note
-------+----------+-------------------------------------------
     0 | D:1      | mommy the Barachi Berserker began the quest for the Orb.
     0 | D:1      | Reached XP level 1. HP: 18/18 MP: 1/1
   274 | D:1      | Reached XP level 2. HP: 25/25 MP: 2/2
   304 | D:1      | Found a faded altar of an unknown god.
   380 | D:1      | Reached skill level 4 in Fighting
   447 | D:1      | HP: 1/25 [kobold (2)]
   449 | D:1      | Slain by a kobold

Illustrated notes

Levels and vault maps discovered:
D:1:      matt_arrival_grand_opening, layout_loops_ring,
          shapermc_ecumenical_altar_petra, minmay_misc_feat_rugged,
          hangedman_decor_push, st_stairs_8

Skill      XL: |  1  2 |
---------------+-------+-----
Fighting       | 4 |  4.1
Long Blades    | |  3.9
Armour         | |  2.5
Dodging        | |  2.4

Action                   || total
-------------------------++-------
Melee: Falchion          ||    38
Invok: Berserk           ||     1
Armor: Animal skin       ||     9
Dodge: Dodged            ||    41

Table legend: (Time is in decaauts)
 A = Elapsed time spent in this place.
 B = Non-inter-level travel time spent in this place.
 C = Inter-level travel time spent in this place.
 D = Time resting spent in this place.
 E = Time spent auto-exploring this place.
 F = Levels seen in this place.
 G = Mean time per level.
                   A        B        C        D        E       F      G
               +--------+--------+--------+--------+--------+-----+--------+
         Total |    544 |    544 |      0 |      0 |      0 |   1 |  544.0 |
       Dungeon |    544 |    544 |      0 |      0 |      0 |   1 |  544.0 |
               +--------+--------+--------+--------+--------+-----+--------+

Top non-repeatable levels by time:
     D:1: 544 daAuts
